 Dungeon Crawl Stone Soup version 0.26.1-11-gd32895ea62 (webtiles) character file.

Game seed: 1929618732625907091

1206 raph the Grave Robber (level 8, -2/57 HPs)
             Began as a Human Necromancer on May 7, 2021.
             Slain by a centaur
             ... wielding a +0 broad axe
              (14 damage)
             ... on level 6 of the Dungeon.
             The game lasted 00:13:02 (6921 turns).

raph the Grave Robber (Human Necromancer)           Turns: 6921, Time: 00:13:02

Health: -2/57      AC:  6    Str:  8    XL:     8   Next: 73%
Magic:  1/14       EV: 14    Int: 25    God:
Gold:   340        SH:  0    Dex: 13    Spells: 5/15 levels left

rFire    . . .     SeeInvis .   c - +4 short sword
rCold    . . .     Faith    .   (no shield)
rNeg     . . .     Spirit   .   a - +0 robe
rPois    +         Reflect  .   d - +1 helmet
rElec    .         Harm     .   (no cloak)
rCorr    .         Rampage  .   (no gloves)
Will     .....                  l - +1 pair of boots
Stlth    +++.......             (no amulet)
HPRegen  0.19/turn              e - +6 ring of intelligence
MPRegen  0.14/turn              r - ring of poison resistance

@: no status effects
A: no striking features
a: no special abilities


You were on level 6 of the Dungeon.
You visited 1 branch of the dungeon, and saw 6 of its levels.

You collected 340 gold pieces.

Inventory:

Hand Weapons
 c - a +4 short sword (weapon)
 i - a +2 short sword of flaming
Missiles
 b - 30 poisoned darts (quivered)
Armour
 a - a +0 robe (worn)
 d - a +1 helmet (worn)
 l - a +1 pair of boots (worn)
Jewellery
 e - a +6 ring of intelligence (left hand)
 r - a ring of poison resistance (right hand)
Scrolls
 h - 4 scrolls of remove curse
 p - 2 scrolls of magic mapping
 q - a scroll of amnesia {unknown}
 t - a scroll of fear {unknown}
 w - a scroll of immolation
Potions
 g - 5 potions of curing
 j - 2 potions of attraction {unknown}
 k - a potion of haste {unknown}
 m - a potion of brilliance {unknown}
 n - a potion of mutation {unknown}
 s - a potion of resistance {unknown}
 v - a potion of ambrosia {unknown}


   Skills:
 + Level 2.7 Fighting
 + Level 4.4 Dodging
 + Level 4.5 Stealth
 + Level 4.0 Spellcasting
 + Level 2.8 Hexes
 * Level 6.9 Necromancy


You had 5 spell levels left.
You knew the following spells:

 Your Spells              Type           Power        Failure   Level
a - Pain                  Necr           100%         1%          1
b - Animate Skeleton      Necr           78%          1%          1
c - Vampiric Draining     Necr           19%          1%          3
d - Corona                Hex            21%          2%          1
e - Animate Dead          Necr           19%          5%          4

Your spell library contained the following spells:

 Spells                   Type           Power        Failure   Level
 Ensorcelled Hibernation  Hex/Ice        24%          8%          2
 Confusing Touch          Hex            19%          9%          3
 Tukima's Dance           Hex            19%          9%          3
 Dazzling Flash           Conj/Hex       24%          16%         3
 Agony                    Necr           39%          16%         5


Dungeon Overview and Level Annotations

Branches:
Dungeon (6/15)
 Temple: D:4-7

Altars:
Cheibriados
Nemelex Xobeh
Trog
Wu Jian


Message History

You hear a zap.
You hear a grinding noise.
The shadow imp shouts, "Slither away, thou obnoxious weeb-spouting harpy!"
You hit the jackal.
You kill the jackal!
The shadow imp gestures at you. Pain shoots through your body!
The centaur shouts!
The centaur unwields a +0 shortbow.
The centaur wields a +0 broad axe.
The centaur hits you with a +0 broad axe!
* * * LOW HITPOINT WARNING * * *
The centaur closely misses you.
Casting: Vampiric Draining (safe; 1% risk of failure)
Confirm with . or Enter, or press ? or * to list all spells.
Aiming: Vampiric Draining (safe; 1% risk of failure)
Press: ? - help, Shift-Dir - straight line, f - centaur
Aim: a centaur, wielding a +0 broad axe, wearing a +0 robe and quivering 9 arrows The centaur is heavily wounded.
You feel life coursing into your body.
The centaur hits you with a +0 broad axe!
You die...

### #.# #.# #.. ###
#.# ######o.#### #.#
#.ch.5.ooo.# #.#
#.@#####...# #..
#..# ##.# ##.. #..#
#..# #... #..# #.#.#
#.#.
...#####.#o##o##.#.
...........ho)..)!o.
..........##o.o..o..
###..#.###.
##....... .
..o.......


You could see a centaur, an orc wizard, a shadow imp, 3 orcs and a jackal.

Vanquished Creatures
  An orc warrior (D:6)
  2 sky beasts
  3 ogres
  3 scorpions (D:4)
  3 orc wizards
  2 orc priests
  Terence (D:2)
  An iguana (D:4)
  4 worker ants
  3 gnolls (D:5)
  8 adders
  An ooze (D:4)
  2 adder skeletons (D:4)
  2 worms
  4 dart slugs
  3 leopard geckos
  14 orcs
  4 giant cockroaches
  4 goblins
  4 hobgoblins
  9 jackals
  6 kobolds
  2 quokkas (D:4)
  4 bats
  2 frilled lizards
  3 rats
95 creatures vanquished.

Vanquished Creatures (collateral kills)
  A centaur skeleton (D:4)
  A worm (D:2)
  An orc (D:5)
  A goblin (D:2)
4 creatures vanquished.

Grand Total: 99 creatures vanquished

Notes
Turn   | Place    | Note
-------+----------+-------------------------------------------
     0 | D:1      | raph the Human Necromancer began the quest for the Orb.
     0 | D:1      | Reached XP level 1. HP: 13/13 MP: 3/3
   156 | D:1      | Learned a level 1 spell: Animate Skeleton
   457 | D:1      | Reached XP level 2. HP: 15/19 MP: 5/5
  1094 | D:2      | Reached XP level 3. HP: 16/24 MP: 2/6
  1098 | D:2      | Learned a level 3 spell: Vampiric Draining
  1621 | D:2      | Learned a level 1 spell: Corona
  1622 | D:2      | Noticed a phantom
  1931 | D:2      | Reached XP level 4. HP: 16/30 MP: 1/7
  2344 | D:2      | Noticed Terence
  2405 | D:2      | Reached XP level 5. HP: 13/35 MP: 1/8
  2868 | D:2      | Killed Terence
  2869 | D:2      | Reached skill level 5 in Necromancy
  3649 | D:3      | Noticed an ice beast
  4039 | D:4      | Reached XP level 6. HP: 35/41 MP: 6/10
  4106 | D:4      | Learned a level 4 spell: Animate Dead
  4408 | D:4      | Reached skill level 1 in Hexes
  4418 | D:4      | Reached skill level 1 in Fighting
  4546 | D:4      | Noticed an ogre
  4566 | D:4      | Killed an ogre
  4567 | D:4      | Reached XP level 7. HP: 48/48 MP: 2/11
  5128 | D:4      | Reached skill level 6 in Necromancy
  5392 | D:5      | Entered Level 5 of the Dungeon
  5518 | D:5      | Found a sand-covered staircase.
  5694 | D:5      | Reached XP level 8. HP: 56/56 MP: 0/13
  5815 | D:5      | Found an ornate altar of the Wu Jian Council.
  5816 | D:5      | Found a bloodstained altar of Trog.
  5816 | D:5      | Found a sparkling altar of Nemelex Xobeh.
  5817 | D:5      | Found a snail-covered altar of Cheibriados.
  6921 | D:6      | Slain by a centaur

Illustrated notes

Levels and vault maps discovered:
D:1:      dpeg_arrival_tiny_d, layout_loops_ring, kennysheep_flooded_box,
          minmay_pentomino_v2
D:2:      cheibrodos_pilgrimage, layout_rooms, uniq_terence
D:3:      layout_basic
D:4:      layout_cave_pods
D:5:      layout_basic, chequers_temple_overflow_statue_of_worship,
          lightli_ossuary_entry_decrepit_ruins
D:6:      layout_basic

Skill      XL: |  1  2  3  4  5  6  7  8 |
---------------+-------------------------+-----
Stealth        | 3 4 |  4.5
Necromancy     | 5 6 |  6.9
Dodging        | 3 4 |  4.4
Spellcasting   | 3 4 |  4.0
Hexes          | 1 2 |  2.8
Fighting       | 1 2 |  2.7

Action                   |  1- 3 |  4- 6 |  7- 9 || total
-------------------------+-------+-------+-------++-------
Melee: Short sword       |    24 |    67 |    75 ||   166
Throw: Dart              |     3 |     4 |       ||     7
 Cast: Pain              |    27 |    53 |    44 ||   124
       Animate Skeleton  |     4 |     7 |     1 ||    12
       Vampiric Draining |     3 |    12 |    20 ||    35
       Corona            |       |     5 |       ||     5
       Animate Dead      |       |       |     2 ||     2
  Use: Scroll            |       |     7 |     5 ||    12
       Potion            |       |     1 |       ||     1
 Stab: Sleeping          |     4 |       |     2 ||     6
Armor: Robe              |     6 |    19 |    29 ||    54
Dodge: Dodged            |    11 |    55 |    98 ||   164
